 Dungeon Crawl Stone Soup version 0.29-a0-923-g6e406bff71 (webtiles) character file.

Game seed: 8420233334918016482

95 Ajdolov the Shooter (level 4, -2/33 HPs)
             Began as a Human Hunter on July 28, 2022.
             Slain by an orc
             ... wielding a +0 flail
              (5 damage)
             ... on level 3 of the Dungeon.
             The game lasted 00:02:37 (1476 turns).

Ajdolov the Shooter (Human Hunter)                  Turns: 1476, Time: 00:02:38

Health: -2/33      AC:  3    Str: 11    XL:     4   Next: 95%
Magic:  0/4        EV: 12    Int:  9    God:
Gold:   117        SH:  0    Dex: 25    Spells: 3/3 levels left

rFire   . . .      SeeInvis .   a - +0 shortbow
rCold   . . .      Faith    .   (shield currently unavailable)
rNeg    . . .      Spirit   +   c - +0 leather armour
rPois   .          Reflect  .   (no helmet)
rElec   .          Harm     .   (no cloak)
rCorr   .          Rampage  .   (no gloves)
Will    .....                   (no boots)
Stlth   ++........              n - amulet of guardian spirit
HPRegen 0.11/turn               t - +6 ring of dexterity
MPRegen 0.09/turn               (no ring)

@: lethally poisoned (-2 -> -3)
A: no striking features
a: no special abilities


You were on level 3 of the Dungeon.
You visited 1 branch of the dungeon, and saw 3 of its levels.

You collected 117 gold pieces.

Inventory:

Hand Weapons
 a - a +0 shortbow (weapon)
Armour
 c - a +0 leather armour (worn)
Jewellery
 n - an amulet of guardian spirit (around neck)
 t - a +6 ring of dexterity (left hand)
Wands
 s - a wand of paralysis (7)
Scrolls
 b - a scroll of immolation
 d - a scroll of blinking {unknown}
 f - 4 scrolls of identify {unknown}
 g - a scroll of enchant armour {unknown}
 h - a scroll of magic mapping {unknown}
 j - a scroll of torment {unknown}
 k - a scroll of butterflies {unknown}
 m - a scroll of noise {unknown}
 o - a scroll of amnesia {unknown}
 q - a scroll of brand weapon {unknown}
 r - a scroll of teleportation {unknown}
 u - a scroll of fear {unknown}
Potions
 e - a potion of curing {unknown}
 i - 2 potions of flight {unknown}
 l - 2 potions of might {unknown}
 p - a potion of ambrosia {unknown}


   Skills:
 - Level 2.0 Fighting
 * Level 5.9 Ranged Weapons
 - Level 2.0 Dodging
 - Level 1.0 Stealth


You had 3 spell levels left.
You didn't know any spells.
Your spell library was empty.

Dungeon Overview and Level Annotations

Branches:
Dungeon (3/15)

Altars:
Kikubaaqudgha


Message History

You are more poisoned.
The adder poisons you! The orc barely misses you.
You are too injured to fight recklessly!
You feel sick.
You are too injured to fight recklessly!
You are too injured to fight recklessly!
You are too injured to fight recklessly!
You are too injured to fight recklessly!
Fire: a) +0 shortbow
Press: ? - help, Q - select action, (/) - cycle Shift-Dir - straight line, f/p - adder
Aim: an adder (severely wounded, 52% to hit)
You shoot an arrow. The arrow closely misses the adder.
You feel very sick. The adder closely misses you. The adder bites you.
Fire: a) +0 shortbow
Press: ? - help, Q - select action, (/) - cycle Shift-Dir - straight line, f/p - adder
Aim: an adder (severely wounded, 52% to hit)
You shoot an arrow. The arrow hits the adder.
You kill the adder!
You feel sick.
Fire: a) +0 shortbow
Press: ? - help, Q - select action, (/) - cycle Shift-Dir - straight line, f - orc
Aim: an orc, wielding a +0 flail and wearing a +0 chain mail (73% to hit)
You shoot an arrow.
The arrow hits the orc but does no damage.
You feel sick. The orc barely misses you.
Fire: a) +0 shortbow
Press: ? - help, Q - select action, (/) - cycle Shift-Dir - straight line, f/p - orc
Aim: an orc, wielding a +0 flail and wearing a +0 chain mail (73% to hit)
You shoot an arrow. The arrow closely misses the orc.
You feel sick. The orc hits you with a +0 flail.
* * * LOW HITPOINT WARNING * * *
Fire: a) +0 shortbow
Press: ? - help, Q - select action, (/) - cycle Shift-Dir - straight line, f/p - orc
Aim: an orc, wielding a +0 flail and wearing a +0 chain mail (73% to hit)
You shoot an arrow. The arrow hits the orc.
The orc is heavily wounded.
* * * LOW HITPOINT WARNING * * *
You feel sick. The orc closely misses you. The orc hits you with a +0 flail!
You die...

#.#
#.#
###
#.#
...
...
#.##.#
#
#.#.#
#.
#..#
#.##o#
#.@##
#..#
#..##
...#
##.#
##


You could see an orc.

Vanquished Creatures
  5 adders
  A dart slug (D:1)
  3 ball pythons
  An endoplasm (D:1)
  3 giant cockroaches
  6 goblins
  6 hobgoblins
  4 jackals (D:1)
  3 kobolds
  A quokka (D:2)
  3 bats (D:1)
  2 frilled lizards
  8 rats
46 creatures vanquished.

Notes
Turn   | Place    | Note
-------+----------+-------------------------------------------
     0 | D:1      | Ajdolov the Human Hunter began the quest for the Orb.
     0 | D:1      | Reached XP level 1. HP: 16/16 MP: 1/1
    49 | D:1      | Reached XP level 2. HP: 22/22 MP: 2/2
   235 | D:1      | Reached XP level 3. HP: 22/27 MP: 3/3
   384 | D:1      | Reached skill level 5 in Ranged Weapons
   848 | D:2      | Reached XP level 4. HP: 33/33 MP: 4/4
  1172 | D:2      | Found an ancient bone altar of Kikubaaqudgha.
  1476 | D:3      | Slain by an orc

Illustrated notes

Levels and vault maps discovered:
D:1:      dpeg_arrival_pits, layout_basic
D:2:      layout_rooms, basic_altar
D:3:      layout_loops_ring, riverfiend_overflow_shadow_ancestor,
          grunt_temple_overflow_open

Skill      XL: |  1  2  3 |
---------------+----------+-----
Ranged Weapons | 5 |  5.9
Fighting       | |  2.0
Dodging        | |  2.0
Stealth        | |  1.0

Action                   |  1- 3 |  4- 6 || total
-------------------------+-------+-------++-------
 Fire: Shortbow          |    81 |    43 ||   124
Armor: Leather armour    |     9 |     5 ||    14
Dodge: Dodged            |    27 |    21 ||    48

Table legend: (Time is in decaauts)
 A = Elapsed time spent in this place.
 B = Non-inter-level travel time spent in this place.
 C = Inter-level travel time spent in this place.
 D = Time resting spent in this place.
 E = Time spent auto-exploring this place.
 F = Levels seen in this place.
 G = Mean time per level.
                   A        B        C        D        E       F      G
               +--------+--------+--------+--------+--------+-----+--------+
         Total |   1512 |   1477 |     35 |      6 |   1216 |   3 |  504.0 |
       Dungeon |   1512 |   1477 |     35 |      6 |   1216 |   3 |  504.0 |
               +--------+--------+--------+--------+--------+-----+--------+

Top non-repeatable levels by time:
     D:1: 838 daAuts
     D:2: 658 daAuts
     D:3: 15 daAuts
